 Dungeon Crawl Stone Soup version 0.30-a0-857-gcaf70739d4 (webtiles) character file.

Game seed: 5439941974581229701

10 gelatine the Chopper (level 2, 0/22 HPs)
             Began as a Demonspawn Gladiator on Mar 5, 2023.
             Succumbed to Sigmund's poison
             ... on level 2 of the Dungeon.
             The game lasted 00:01:32 (915 turns).

gelatine the Chopper (Demonspawn Gladiator)          Turns: 915, Time: 00:01:33

Health: 0/22       AC:  4    Str: 14    XL:     2   Next: 10%
Magic:  2/2        EV: 12    Int:  9    God:
Gold:   17         SH:  0    Dex: 14    Spells: 1/1 levels left

rFire   . . .      SeeInvis .    a - +0 war axe
rCold   . . .      Faith    .    (no shield)
rNeg    . . .      Spirit   .    b - +0 leather armour
rPois   .          Reflect  .    c - +0 helmet
rElec   .          Rampage  .    (no cloak)
rCorr   .                        (no gloves)
Will    .....                    (no boots)
Stlth   +                        (no amulet)
HPRegen 0.23/turn                (no ring)
MPRegen 0.08/turn                (no ring)

@: lethally poisoned (0 -> -12)
A: powered by pain 1
a: no special abilities


You were on level 2 of the Dungeon.
You visited 1 branch of the dungeon, and saw 2 of its levels.

You collected 17 gold pieces.

Inventory:

Hand Weapons
 a - a +0 war axe (weapon)
Missiles
 d - 3 throwing nets (quivered)
 e - a javelin
Armour
 b - a +0 leather armour (worn)
 c - a +0 helmet (worn)
Scrolls
 f - a scroll of identify
 g - a scroll of teleportation
 h - a scroll of immolation {unknown}
 i - a scroll of noise {unknown}


   Skills:
 + Level 2.0 Fighting
 + Level 3.0 Axes
 + Level 1.9 Throwing
 + Level 2.9 Dodging


You had one spell level left.
You didn't know any spells.
Your spell library was empty.

Dungeon Overview and Level Annotations

Branches:
Dungeon (2/15)

Altars:

Annotations:
D:2 Sigmund


Innate Abilities, Weirdness & Mutations

You sometimes gain a little power by taking damage.


Message History

You kill the bat!
HP restored.
You open the door.
A rat comes into view.
There is an open door here.
The rat bites you but does no damage.
You barely miss the rat. The rat closely misses you.
You barely miss the rat. The rat barely misses you. The rat closely misses you.
You slash the rat!
You kill the rat!
You see here a rat corpse.
Found a scroll labelled GEOQIAC LESIQOZIW.
f - 2 scrolls labelled GEOQIAC LESIQOZIW (gained 1)
A goblin comes into view. It is wielding a +0 club.
The goblin shouts!
You closely miss the goblin. The goblin hits you with a +0 club.
You hit the goblin.
You kill the goblin!
You see here a +0 club.
h - a scroll labelled YCEEJY XIFIT
i - a scroll labelled SAINWIZARIG
Found a stone staircase leading down.
There is a stone staircase leading down here.
Sigmund the Dreaded comes into view.
He is wielding a +3 scythe of venom.
Sigmund shouts!
Sigmund casts a spell.
Sigmund flickers and vanishes!
Deactivating autopickup; reactivate with Ctrl-A.
A puff of flame appears from out of thin air!
The puff of flame hits you! Something barely misses you.
You see here 2 coppery potions.
Something hits you!
* * * LOW HITPOINT WARNING * * *
You are lethally poisoned!
You aren't carrying any potions.
As you read the scroll labelled GEOQIAC LESIQOZIW, it crumbles to dust.
It is a scroll of identify.
g - a scroll of teleportation You die...

#>...### ##'###
#.#### #....#
#.####### #....#
#.......# #....#
#.......####..†.#
#.......##.<#'###
#.......##.##.#
#..!....##. #.#
#..@....##. #.#
............##.
#.#
...######+####.
#.# .. #. #.# #
..


There were no monsters in sight!

Vanquished Creatures
  2 bats
  3 goblins
  A hobgoblin (D:1)
  A kobold (D:1)
  A frilled lizard (D:1)
  2 rats
10 creatures vanquished.

Notes
Turn   | Place    | Note
-------+----------+-------------------------------------------
     0 | D:1      | gelatine the Demonspawn Gladiator began the quest for the
                  | Orb.
     0 | D:1      | Reached XP level 1. HP: 16/16 MP: 1/1
   685 | D:1      | Reached skill level 3 in Axes
   704 | D:1      | Gained mutation: You sometimes gain a little power by
                  | taking damage. [demonic ancestry]
   704 | D:1      | Reached XP level 2. HP: 22/22 MP: 2/2
   908 | D:2      | Noticed Sigmund
   915 | D:2      | Succumbed to Sigmund's poison

Illustrated notes

Levels and vault maps discovered:
D:1:      shiori_arrival_oz, layout_basic, hangedman_decor_slide_cut,
          grunt_decor_junction
D:2:      layout_basic, minmay_3d_cube, uniq_sigmund

Skill      XL: |  1 |
---------------+----+-----
Axes           | 3 |  3.0
Fighting       | |  2.0
Throwing       | |  1.9
Dodging        | |  2.9

Action                     || total
---------------------------++-------
  Melee: War axe           ||    26
    Use: Scroll            ||     1
 Armour: Leather armour    ||    14
  Dodge: Dodged            ||    26

Table legend: (Time is in decaauts)
 A = Elapsed time spent in this place.
 B = Non-inter-level travel time spent in this place.
 C = Inter-level travel time spent in this place.
 D = Time resting spent in this place.
 E = Time spent auto-exploring this place.
 F = Levels seen in this place.
 G = Mean time per level.
                   A        B        C        D        E       F      G
               +--------+--------+--------+--------+--------+-----+--------+
         Total |    924 |    900 |     24 |      0 |    791 |   2 |  462.0 |
       Dungeon |    924 |    900 |     24 |      0 |    791 |   2 |  462.0 |
               +--------+--------+--------+--------+--------+-----+--------+

Top non-repeatable levels by time:
     D:1: 801 daAuts
     D:2: 122 daAuts
